 Dungeon Crawl Stone Soup version 0.30-a0-331-g8ab09dc110 (webtiles) character file.

Game seed: 14933373907715738509

80451 Muataran the Severer (level 15, -16/139 HPs)
             Began as a Hill Orc Berserker on Oct 29, 2022.
             Was a High Priest of Trog.
             Demolished by a titanic slime creature (67 damage)
             ... on level 15 of the Dungeon.
             The game lasted 00:46:44 (21379 turns).

Muataran the Severer (Hill Orc Berserker)          Turns: 21379, Time: 00:46:45

Health: -16/139    AC: 24    Str: 28    XL:     15   Next: 67%
Magic:  0/15       EV: 10    Int:  7    God:    Trog [*****.]
Gold:   1315       SH: 11    Dex: 10    Spells: 14/14 levels left

rFire   + + .      SeeInvis +    a - +14 obsidian axe {vorpal, Mesm Drain Fly SInv}
rCold   + + .      Faith    .    s - +0 kite shield
rNeg    . . .      Spirit   +    k - +3 plate armour {rC+}
rPois   .          Reflect  .    d - +0 helmet
rElec   .          Harm     .    K - scarf {rC+ rF+}
rCorr   .          Rampage  .    H - +2 pair of gloves
Will    +....                    (no boots)
Stlth   ..........               h - amulet of guardian spirit
HPRegen 0.43/turn                t - +4 ring of slaying
MPRegen 0.14/turn                D - ring of protection from fire

@: flying, mesmerised
A: no striking features
a: Renounce Religion, Berserk, Trog's Hand, Brothers in Arms


You were on level 15 of the Dungeon.
You worshipped Trog.
Trog was extremely pleased with you.
You visited 2 branches of the dungeon, and saw 20 of its levels.

You collected 1764 gold pieces.
You spent 449 gold pieces at shops.

Inventory:

Hand Weapons
 a - the +14 obsidian axe (weapon) {vorpal, Mesm Drain Fly SInv}
   (You acquired it on level 1 of the Lair of Beasts)

   It inflicts extra damage upon your enemies.
   It occasionally summons demons to assist the wielder when it strikes in
   combat.
   Its wielder is mesmerised by any visible foes.
   It cannot be unequipped while any foes are visible.
   SInv:      It lets you see invisible.
   Fly:       It grants you flight.
   Drain:     It drains your maximum health when unequipped.
 B - a +2 battleaxe
 C - the +6 rapier of Precise Incision {venom, *Slow +Blink rPois Int+6}
   (You found it on level 2 of the Lair of Beasts)

   It poisons the flesh of those it strikes.
   Int:       It affects your intelligence (+6).
   rPois:     It protects you from poison.
   +Blink:    It lets you blink.
   *Slow:     It may slow you when you take damage.
 P - a +1 antimagic battleaxe
Missiles
 I - 3 silver boomerangs (quivered)
 U - a throwing net
Armour
 d - a +0 helmet (worn)
 k - a +3 plate armour of cold resistance (worn)
 s - a +0 kite shield (worn)
 H - a +2 pair of gloves (worn)
 K - a scarf of resistance (worn)
 Y - a +1 plate armour of willpower
Jewellery
 b - an amulet of magic regeneration
 h - an amulet of guardian spirit (around neck)
 j - an amulet of faith
 t - a +4 ring of slaying (left hand)
 D - a ring of protection from fire (right hand)
 M - a ring of positive energy
 O - a ring of positive energy
Wands
 u - a wand of paralysis (10)
 x - a wand of flame (69)
 y - a wand of quicksilver (10)
 L - a wand of iceblast (7)
 Z - a wand of polymorph (3)
Scrolls
 e - 2 scrolls of fear
 f - 2 scrolls of enchant weapon
 q - 2 scrolls of enchant armour
 r - 14 scrolls of teleportation
 z - 7 scrolls of identify
 E - 2 scrolls of fog
 F - 4 scrolls of poison
 J - a scroll of silence
 R - 2 scrolls of amnesia
 S - a scroll of blinking
 V - a scroll of acquirement
 X - a scroll of torment {unknown}
Potions
 c - 9 potions of curing
 g - 8 potions of heal wounds
 i - 6 potions of resistance
 l - 4 potions of flight
 m - a potion of ambrosia {unknown}
 n - 4 potions of might {unknown}
 o - 4 potions of lignification {unknown}
 p - 5 potions of brilliance
 v - 2 potions of cancellation
 w - 4 potions of attraction
 A - 4 potions of invisibility
 G - 5 potions of mutation
 N - 2 potions of berserk rage {unknown}
 T - 3 potions of haste {unknown}
 W - a potion of degeneration {unknown}


   Skills:
 + Level 14.7 Fighting
 - Level 19.0 Axes
 + Level 13.3 Armour
 + Level 10.4 Dodging
 - Level 2.4 Stealth
 * Level 12.0 Shields


You had 14 spell levels left.
You didn't know any spells.
Your spell library was empty.

Dungeon Overview and Level Annotations

Branches:
Dungeon (15/15)            Temple (0/1) D:5            Lair (5/5) D:11
 Shoals (0/4) Lair:3        Snake (0/4) Lair:2        Slime (0/5) Lair:4
    Orc (0/2) D:10         Vaults (0/5) D:13         Depths (0/4) D:15

Altars:
Cheibriados
Dithmenos
Gozag
Hepliaklqana
Makhleb
Okawaru
Qazlal
Ru
Sif Muna
Trog
Uskayaw
Vehumet
Wu Jian
Yredelemnul
Zin
The Shining One
Jiyva

Shops:
D:7 *   D:8 (   D:9 [

Annotations:
D:9 2 transporters


Message History

A slime creature comes into view.
A slime creature comes into view.
Found a staircase to the Depths.
The slime creature quivers.
Two slime creatures merge to form a large slime creature.
You slice the large slime creature!!
The large slime creature is moderately wounded.
You hear the crackling of a very distant melting archway.
Two slime creatures merge to form a very large slime creature.
You slice the very large slime creature!!
The very large slime creature is moderately wounded.
Two slime creatures merge to form an enormous slime creature.
You slice the enormous slime creature!!
The enormous slime creature is moderately wounded.
You slice the enormous slime creature!!
The enormous slime creature is heavily wounded.
Two slime creatures merge to form a titanic slime creature.
You barely miss the titanic slime creature.
The titanic slime creature is heavily wounded.
You cut the titanic slime creature into ribbons!!!
The titanic slime creature is heavily wounded.
The titanic slime creature hits you but does no damage.
A moth of wrath comes into view.
You open the titanic slime creature like a pillowcase!!!
The titanic slime creature is severely wounded.
The titanic slime creature hits you!!!
You slice the titanic slime creature!!
The titanic slime creature is severely wounded.
You barely miss the titanic slime creature.
The titanic slime creature is severely wounded.
The titanic slime creature barely misses you.
You slice the titanic slime creature!! You open a gate to Pandemonium!
A demon appears!
The titanic slime creature is almost dead.
The titanic slime creature hits you!!!
Your ynoxinul gestures.
You slash the titanic slime creature!
The titanic slime creature is almost dead.
The titanic slime creature hits you!!!!
You die...

...........................#
..............###..........#
............###>###........#+
...........##... ##.........
...........#.... #.3.......
........4..##... ##.........
#..)....#### #.y #..........
#..))).##..## #J####4........
###)..##.5.5###3@45#....#####
#...'.5.53.3###45#....#
+..5##..†.#..##3##....#
#....##..###...55#....#
###...####.#..#5##....#
#........######.....###
#####.......................
.......######................
.......# #................


You could see a titanic slime creature (mesmerising, ally target), a moth of
wrath, a friendly soul eater (summoned), 2 friendly ice devils, a friendly
ynoxinul (summoned) and 5 friendly ufetubi.

Vanquished Creatures
  2 quicksilver oozes (shapeshifter) (D:12)
  A very ugly thing (D:15)
  An ettin (D:12)
  The ghost of purpskrrrp the Spear-Bearer, a journeyman MiFi of Qazlal (D:12)
  A great orb of eyes (D:15)
  A rakshasa (D:15)
  6 vault guards (D:13)
  2 catoblepae
  An ogre mage (D:15)
  5 centaur warriors
  10 two-headed ogres
  3 death yaks (Lair:5)
  A deep troll shaman (Lair:5)
  2 boulder beetles
  9 skeletal warriors
  Amaemon (Lair:2)
  A deep elf archer (D:12)
  2 wizards
  An orc knight (D:14)
  Pikel (D:7)
  A lindwurm (Lair:5)
  3 deep elf pyromancers
  An orc sorcerer (D:14)
  15 ugly things
  3 manticores
  10 elephants
  4 cyclopes
  A black mamba (Lair:2)
  A merfolk siren (Lair:3)
  An orange demon (Lair:2)
  Joseph (D:7)
  8 cane toads
  A gargoyle (D:13)
  A kobold demonologist (D:9)
  Psyche (D:10)
  2 unseen horrors
  A freezing wraith (D:14)
  A rime drake (Lair:2)
  8 komodo dragons
  A tengu conjurer (D:10)
  3 trolls (D:12)
  2 merfolk (Lair:3)
  4 polar bears
  Prince Ribbit (D:7)
  A hornet (D:10)
  4 blink frogs (Lair:5)
  A raiju (shapeshifter) (D:15)
  6 slime creatures (D:12)
  5 shadows
  A spriggan (Lair:3)
  3 wraiths
  4 wyverns
  9 yaks
  3 basilisks
  2 steam dragons (D:7)
  17 vampire mosquitoes
  A naga (Lair:2)
  11 water moccasins
  5 acid dragons
  2 sky beasts
  3 black bears
  2 ice beasts
  11 orc warriors
  2 ogres (D:15)
  10 wolves
  19 centaurs
  2 phantoms
  3 kobold brigands
  A gnoll sergeant (D:10)
  A necrophage (D:6)
  4 bullfrogs
  3 scorpions
  A wyvern zombie (D:8)
  10 wights
  20 killer bees
  An electric eel (Lair:3)
  5 howler monkeys
  4 centaur zombies
  3 hounds
  11 orc priests
  2 jellies
  2 iguanas
  20 orc wizards
  2 killer bee zombies (D:8)
  A mummy (D:3)
  4 howler monkey zombies (D:8)
  7 gnolls
  3 adders
  8 river rats (D:6)
  3 shadow imps (D:6)
  2 white imps
  2 ufetubi
  2 worms (D:2)
  2 dart slugs
  59 orcs
  13 endoplasms
  4 giant cockroaches
  8 goblins
  15 hobgoblins
  2 jackals (D:3)
  9 quokkas
  9 ball pythons
  8 bats
  2 frilled lizards
  17 kobolds
  15 rats
539 creatures vanquished.

Vanquished Creatures (collateral kills)
  2 vault guards (D:13)
  2 hydras
  A death yak (Lair:5)
  An orc knight (D:14)
  A cyclops (D:14)
  3 ugly things
  A manticore (D:13)
  A black mamba (Lair:4)
  A gargoyle (D:13)
  A cane toad (Lair:4)
  2 trolls (D:14)
  A merfolk (Lair:3)
  A polar bear (Lair:3)
  A blink frog (Lair:5)
  A basilisk (Lair:4)
  A yak (Lair:2)
  A water moccasin (Lair:2)
  2 centaurs
  2 wolves
  2 jellies (Lair:4)
  3 orcs (D:14)
  An endoplasm (Lair:4)
  A bush (Lair:5)
33 creatures vanquished.

Vanquished Creatures (others)
  9 fungi
  11 plants
20 creatures vanquished.

Grand Total: 592 creatures vanquished

Notes
Turn   | Place    | Note
-------+----------+-------------------------------------------
     0 | D:1      | Muataran the Hill Orc Berserker began the quest for the
                  | Orb.
     0 | D:1      | Reached XP level 1. HP: 19/19 MP: 1/1
   111 | D:1      | Reached XP level 2. HP: 22/27 MP: 2/2
   442 | D:1      | Reached ** piety under Trog
   675 | D:1      | Reached XP level 3. HP: 23/33 MP: 3/3
   820 | D:2      | Found a shadowy altar of Dithmenos.
   890 | D:2      | Reached skill level 5 in Axes
   890 | D:2      | Reached XP level 4. HP: 23/40 MP: 4/4
  1153 | D:2      | Reached XP level 5. HP: 22/47 MP: 5/5
  1940 | D:3      | Reached *** piety under Trog
  2127 | D:3      | Found a snail-covered altar of Cheibriados.
  2444 | D:4      | Reached skill level 6 in Axes
  2468 | D:4      | Found a glowing golden altar of the Shining One.
  2884 | D:4      | Identified the +6 rapier "Wacer" {vorpal, SInv}
  2909 | D:4      | Reached XP level 6. HP: 52/53 MP: 6/6
  2943 | D:4      | Found a stormy altar of Qazlal.
  3087 | D:5      | Entered Level 5 of the Dungeon
  3186 | D:5      | Noticed a water moccasin
  3196 | D:5      | Reached skill level 5 in Fighting
  3203 | D:5      | Killed a water moccasin
  3204 | D:5      | Reached skill level 7 in Axes
  3204 | D:5      | Reached XP level 7. HP: 61/61 MP: 7/7
  3365 | D:5      | Found a hide-covered altar of Uskayaw.
  3493 | D:5      | Found a shimmering blue altar of Sif Muna.
  3757 | D:5      | Found a staircase to the Ecumenical Temple.
  4066 | D:6      | Reached skill level 1 in Shields
  4181 | D:6      | Reached skill level 8 in Axes
  4579 | D:6      | Reached XP level 8. HP: 70/70 MP: 8/8
  4822 | D:6      | Reached skill level 5 in Armour
  4918 | D:6      | Reached skill level 9 in Axes
  5442 | D:7      | Reached skill level 10 in Axes
  5445 | D:7      | Reached **** piety under Trog
  5551 | D:7      | Reached skill level 11 in Axes
  5551 | D:7      | Reached XP level 9. HP: 71/78 MP: 9/9
  5575 | D:7      | Found a glowing silver altar of Zin.
  5579 | D:7      | Noticed Prince Ribbit
  5586 | D:7      | Killed Prince Ribbit
  5671 | D:7      | Reached skill level 12 in Axes
  5709 | D:7      | Found Qyonarus's Assorted Antiques.
  5755 | D:7      | Noticed Pikel
  5762 | D:7      | Killed Pikel
  5763 | D:7      | Reached skill level 13 in Axes
  5859 | D:7      | Noticed Joseph
  5876 | D:7      | Killed Joseph
  5877 | D:7      | Reached skill level 14 in Axes
  6010 | D:7      | Reached XP level 10. HP: 84/84 MP: 10/10
  6359 | D:8      | Found an ornate altar of the Wu Jian Council.
  6362 | D:8      | Reached skill level 15 in Axes
  6371 | D:8      | Found a bloodstained altar of Trog.
  6513 | D:8      | Found an iron altar of Okawaru.
  6514 | D:8      | Found a shadowy altar of Dithmenos.
  6519 | D:8      | Found an opulent altar of Gozag.
  6652 | D:8      | Reached skill level 16 in Axes
  6919 | D:8      | Found Faqolel's Antique Weapon Boutique.
  7222 | D:7      | Bought a scroll of teleportation for 66 gold pieces
  7222 | D:7      | Bought a scroll of enchant armour for 165 gold pieces
  7222 | D:7      | Bought a viscous white potion for 19 gold pieces
  7222 | D:7      | Bought a purple potion for 19 gold pieces
  7274 | D:9      | Found a hazy altar of Hepliaklqana.
  7299 | D:9      | Killed an unseen horror
  7435 | D:9      | Reached skill level 17 in Axes
  7637 | D:9      | Noticed a kobold demonologist
  7655 | D:9      | Killed a kobold demonologist
  8042 | D:9      | Found a burning altar of Makhleb.
  8088 | D:9      | Found a transporter.
  8130 | D:9      | Found a transporter.
  8210 | D:9      | Reached skill level 18 in Axes
  8226 | D:9      | Reached XP level 11. HP: 82/91 MP: 8/11
  8335 | D:9      | Found Licu's Antique Armour Boutique.
  8355 | D:9      | Found a transporter.
  8374 | D:9      | Found a transporter.
  8483 | D:9      | Bought a pair of embroidered gloves for 180 gold pieces
  8513 | D:10     | Entered Level 10 of the Dungeon
  8537 | D:10     | Noticed a two-headed ogre
  8549 | D:10     | Killed a two-headed ogre
  8812 | D:10     | Paralysed by a hornet for 3 turns
  8816 | D:10     | Paralysed by a hornet for 2 turns
  9371 | D:10     | Reached skill level 5 in Dodging
  9374 | D:10     | Reached ***** piety under Trog
  9398 | D:10     | Noticed Psyche
  9485 | D:10     | Killed Psyche
  9913 | D:10     | Noticed a centaur warrior
  9917 | D:10     | Killed a centaur warrior
  9969 | D:10     | Noticed a red ugly thing
  9969 | D:10     | Noticed a cyclops
  9969 | D:10     | Noticed a green ugly thing
 10392 | D:10     | Identified the +0 ring mail "Feijot" {rElec Str+2 SInv
                  | Stlth-}
 10454 | D:10     | Found a staircase to the Orcish Mines.
 10590 | D:10     | Found a basalt altar of Yredelemnul.
 10740 | D:10     | Noticed a manticore
 10755 | D:10     | Killed a green ugly thing
 10762 | D:10     | Killed a red ugly thing
 10766 | D:10     | Killed a manticore
 10846 | D:10     | Killed a cyclops
 10847 | D:10     | Reached XP level 12. HP: 87/105 MP: 9/12
 11166 | D:11     | Noticed a two-headed ogre
 11172 | D:11     | Killed a two-headed ogre
 11379 | D:11     | Reached skill level 10 in Fighting
 11454 | D:11     | Found a staircase to the Lair.
 11824 | D:11     | Found a sacrificial altar of Ru.
 11983 | D:11     | Noticed a boulder beetle
 11994 | D:11     | Killed a boulder beetle
 12100 | D:12     | Found a transporter.
 12109 | D:12     | Noticed purpskrrrp's ghost (journeyman MiFi)
 12123 | D:12     | Noticed an ettin
 12232 | D:12     | Found a transporter.
 12611 | D:12     | Reached skill level 10 in Armour
 12818 | D:12     | Noticed a two-headed ogre
 12826 | D:12     | Killed a two-headed ogre
 12970 | Lair:1   | Entered Level 1 of the Lair of Beasts
 13495 | Lair:1   | Reached XP level 13. HP: 89/116 MP: 8/13
 13502 | Lair:1   | Received a gift from Trog
 13691 | Lair:1   | Identified a scroll of acquirement
 13691 | Lair:1   | Acquired the +14 obsidian axe {vorpal, Mesm Drain Fly SInv}
 13691 | Lair:1   | Found the +14 obsidian axe {vorpal, Mesm Drain Fly SInv}
 13715 | Lair:1   | Identified the +1 chain mail "Befej" {Str+2}
 13736 | Lair:1   | Found a hide-covered altar of Uskayaw.
 13993 | Lair:2   | Found a staircase to the Snake Pit.
 14091 | Lair:2   | Reached skill level 1 in Stealth
 14158 | Lair:2   | Identified the +6 rapier of Precise Incision {venom, *Slow
                  | +Blink rPois Int+6}
 14405 | Lair:2   | Noticed Amaemon
 14417 | Lair:2   | Killed Amaemon
 14418 | Lair:2   | Reached skill level 19 in Axes
 15433 | Lair:3   | Found a staircase to the Shoals.
 15853 | Lair:4   | Found a staircase to the Slime Pits.
 15853 | Lair:4   | Found a viscous altar of Jiyva.
 16133 | Lair:4   | Reached skill level 5 in Shields
 16503 | Lair:5   | Entered Level 5 of the Lair of Beasts
 16928 | Lair:5   | Reached XP level 14. HP: 68/127 MP: 7/14
 17608 | Lair:5   | Identified the +3 falchion of Noon {venom, Int+2}
 17618 | Lair:5   | Identified the +3 spear "Xoggyd" {protect, rPois rF++ Int+2
                  | SInv}
 17864 | D:12     | Noticed a quicksilver ooze
 17869 | D:12     | a great orb of eyes changed into a quicksilver ooze
 17869 | D:12     | Noticed a quicksilver ooze (shapeshifter)
 17873 | D:12     | Killed a quicksilver ooze
 17878 | D:12     | Killed a quicksilver ooze
 17882 | D:12     | Killed purpskrrrp's ghost
 18285 | D:13     | Identified the +5 flail of the Mind {freeze, Str+3}
 18374 | D:13     | Found a gate to the Vaults.
 18652 | D:13     | Identified the +6 spear "Lehihir" {flame, *Slow rElec Int-3
                  | Dex+10} (Trog gifted it to you on level 13 of the Dungeon)
 18652 | D:13     | Received a gift from Trog
 19006 | D:13     | Found a radiant altar of Vehumet.
 19753 | D:14     | Reached skill level 10 in Shields
 19999 | D:14     | Reached XP level 15. HP: 133/137 MP: 15/15
 20481 | D:14     | Reached skill level 10 in Dodging
 21005 | D:14     | Identified the +7 trident of Devotion {vorpal, rPois}
 21120 | D:15     | Entered Level 15 of the Dungeon
 21368 | D:15     | Found a staircase to the Depths.
 21379 | D:15     | Demolished by a titanic slime creature

Illustrated notes

Levels and vault maps discovered:
D:1:      nzn_arrival_water_spiral, layout_loops_ring
D:2:      minmay_inner_zag, layout_rooms, basic_altar
D:3:      layout_basic, slow_altar_1
D:4:      layout_basic, mainiacjoe_overflow_concentric_impassable,
          kennysheep_little_box, serial_bayou_pond_a
D:5:      layout_basic, nicolae_sif_muna_little_library, lemuel_crystal_altar,
          minmay_temple_entry_enclosed_plants
D:6:      lemuel_ratsnest, layout_loops_ring
D:7:      layout_loops_cross, lemuel_doored_altar, serial_shops,
          nicolae_shop_competitors_out_of_business, uniq_pikel, uniq_joseph,
          uniq_prince_ribbit1
D:8:      layout_loops_ring, general_overflow_altar,
          nicolae_wu_jian_wuxing_cycle, grunt_temple_overflow_open,
          serial_shops, shop, serial_undead, serial_undead_f, serial_undead_e,
          serial_undead_a, serial_undead_d, minmay_misc_feat_rows
D:9:      layout_roguey, nicolae_overflow_crystal_walls, bloody_makhleb,
          serial_shops, shop_fountains, grunt_ministairs_15, st_stairs_7,
          hangedman_decor_growths, nicolae_transporter_intersection
D:10:     minmay_the_grid_4x2 [minmay_the_grid_empty,
          minmay_the_grid_minigrid_small_alt, minmay_the_grid_mess,
          minmay_the_grid_paths, minmay_the_grid_gridbox,
          minmay_the_grid_diamond_grid, minmay_the_grid_outer_diamond,
          minmay_the_grid_prize_big_room], layout_loops_ring,
          lemuel_zombie_altar_yredelemnul, hiddenorc1_lemuel, uniq_psyche
D:11:     layout_basic, lair_entry_dummy, nicolae_ru_the_path_less_chosen
D:12:     layout_big_octagon, gammafunk_ghost_arena
D:13:     layout_stronghold, erik_vaults_2, grunt_ministairs_13, hex_large,
          nicolae_vehumet_radiance
D:14:     cheibrodos_orc_bank, layout_loops_ring,
          hangedman_abyss_or_decor_jellyfish_corner
D:15:     gammafunk_enter_depths_forms, layout_irregular_city,
          portal_ice_cave_entry_ice_statue_two, glass_columns_b
Lair:1:   layout_chaotic_city, lemuel_centaur_altar
Lair:2:   layout_hall_layers, guppyfry_snake_entry_garden, lemuel_fruit_tree,
          uniq_amaemon
Lair:3:   layout_gridlike, elwin_shoals_entry_stream,
          grunt_forest_stairs_clearing
Lair:4:   layout_misc_corridors, nicolae_slime_entry_slimehenge
Lair:5:   grunt_lair_end_beastmaster, layout_small_grid

Skill      XL: |  1  2  3  4  5  6  7  8  9 10 11 12 13 14 15 |
---------------+----------------------------------------------+-----
Fighting       | 4 5 6 9 11 12 13 14 | 14.7
Axes           | 5 6 7 8 11 14 18 19 | 19.0
Dodging        | 2 3 4 6 7 8 9 10 | 10.4
Armour         | 3 4 5 8 10 11 12 13 | 13.3
Shields        | 1 2 6 10 12 | 12.0
Stealth        | 2 |  2.4

Action                   |  1- 3 |  4- 6 |  7- 9 | 10-12 | 13-15 || total
-------------------------+-------+-------+-------+-------+-------++-------
Melee: Hand axe          |    90 |   180 |   112 |       |       ||   382
       Punch             |     1 |     3 |       |       |       ||     4
       Battleaxe         |       |       |   116 |   588 |     8 ||   712
       Unarmed           |       |       |       |     9 |       ||     9
       Broad axe         |       |       |       |       |   437 ||   437
Invok: Berserk           |       |     4 |     4 |     8 |     4 ||    20
       Trog's Hand       |       |       |     2 |     6 |     2 ||    10
       Brothers in Arms  |       |       |       |       |     3 ||     3
Evoke: Wand              |       |       |       |       |     5 ||     5
  Use: Scroll            |       |     4 |       |     8 |    12 ||    24
 Stab: Distracted        |     1 |       |       |       |       ||     1
       Confused          |       |       |       |     2 |       ||     2
       Petrified         |       |       |       |       |     1 ||     1
Armor: Animal skin       |     8 |       |       |       |       ||     8
       Scale mail        |    25 |    27 |       |       |       ||    52
       Plate armour      |       |    56 |   149 |   429 |   207 ||   841
       Skin              |       |       |       |     1 |       ||     1
Dodge: Dodged            |    51 |    80 |    71 |   218 |   135 ||   555
Block: Kite shield       |       |       |    28 |       |   163 ||   191

Table legend: (Time is in decaauts)
 A = Elapsed time spent in this place.
 B = Non-inter-level travel time spent in this place.
 C = Inter-level travel time spent in this place.
 D = Time resting spent in this place.
 E = Time spent auto-exploring this place.
 F = Levels seen in this place.
 G = Mean time per level.
                   A        B        C        D        E       F      G
               +--------+--------+--------+--------+--------+-----+--------+
         Total |  21426 |  20371 |   1055 |   3808 |  13323 |  20 | 1071.3 |
       Dungeon |  16623 |  15864 |    759 |   3274 |   9840 |  15 | 1108.2 |
          Lair |   4802 |   4507 |    295 |    533 |   3483 |   5 |  960.4 |
               +--------+--------+--------+--------+--------+-----+--------+

Top non-repeatable levels by time:
    D:10: 2491 daAuts
    D:13: 1550 daAuts
    D:14: 1449 daAuts
     D:6: 1280 daAuts
    D:11: 1276 daAuts
     D:9: 1251 daAuts
  Lair:5: 1175 daAuts
     D:7: 1166 daAuts
  Lair:1: 1012 daAuts
     D:3: 1007 daAuts
  Lair:2: 1000 daAuts
    D:12: 981 daAuts
     D:5: 917 daAuts
  Lair:3: 896 daAuts
     D:8: 871 daAuts
